 Dungeon Crawl Stone Soup version 0.22-a0-480-g991dd4b (webtiles) character file.

89 Laiders72 the Caller (level 4, -2/25 HPs)
             Began as a Deep Elf Summoner on June 15, 2018.
             Slain by a worm (10 damage)
             ... on level 3 of the Dungeon.
             The game lasted 00:09:08 (2452 turns).

Laiders72 the Caller (Deep Elf Summoner)            Turns: 2452, Time: 00:09:08

Health: -2/25      AC:  2    Str:  5    XL:     4   Next: 31%
Magic:  12/12      EV: 13    Int: 21    God:
Gold:   115        SH:  4    Dex: 15    Spells: 1/11 levels left

rFire    . . .     SeeInvis +   o - +0 whip
rCold    . . .     Gourm    .   h - +0 buckler
rNeg     . . .     Faith    .   a - +0 robe
rPois    .         Spirit   .   (no helmet)
rElec    .         Reflect  .   (no cloak)
rCorr    .         Harm     .   (no gloves)
MR       .....                  (no boots)
Stlth    ++........             (no amulet)
HPRegen  0.08/turn              t - ring of see invisible
MPRegen  0.13/turn              (no ring)

@: no status effects
A: no striking features
a: no special abilities


You were on level 3 of the Dungeon.
You were very hungry.

You visited 1 branch of the dungeon, and saw 3 of its levels.

You collected 115 gold pieces.

Inventory:

Hand Weapons
 o - a +0 whip (weapon)
Missiles
 j - 26 arrows
Armour
 a - a +0 robe (worn)
 h - a +0 buckler (worn)
Magical Staves
 u - an uncursed staff of fire
Jewellery
 t - a ring of see invisible (left hand)
Scrolls
 b - a scroll of random uselessness {unknown}
 e - a scroll of teleportation {unknown}
 i - a scroll of enchant weapon {unknown}
 k - 5 scrolls of identify
 l - a scroll of fear {unknown}
 m - 2 scrolls of remove curse {unknown}
 p - 5 scrolls of blinking {unknown}
 r - a scroll of immolation {unknown}
 v - a scroll of fog {unknown}
 w - a scroll of enchant armour {unknown}
Potions
 d - 3 potions of curing
 f - a potion of might
 g - a potion of agility {unknown}
 n - a potion of mutation {unknown}
 q - 2 potions of heal wounds
 s - a potion of lignification {unknown}
Comestibles
 c - 7 rations


   Skills:
 + Level 1.0 Fighting
 + Level 2.9 Dodging
 + Level 2.8 Stealth
 * Level 1.1 Shields
 * Level 4.0 Spellcasting
 * Level 5.0 Summonings
 * Level 0.0 Ice Magic


You had one spell level left.
You knew the following spells:

 Your Spells              Type           Power        Failure   Level  Hunger
a - Summon Small Mammal   Summ           ####         2%          1    None
b - Call Imp              Summ           ####....     3%          2    #......
c - Call Canine Familiar  Summ           ####....     7%          3    ###....
d - Summon Ice Beast      Ice/Summ       ##......     52%         4    ####...

Your spell library contained the following spells:

 Spells                   Type           Power        Failure   Level  Hunger
 Summon Lightning Spire   Summ/Air       ##......     52%         4    ####...
 Summon Guardian Golem    Hex/Summ       ##......     19%         3    ###....


Dungeon Overview and Level Annotations

Branches:
Dungeon (3/15)

Altars:
Gozag

Annotations:
D:2 1 runed door, Sigmund


Message History

The worm barely misses you.
There is a stone staircase leading down here.
You hit the worm.
The worm is lightly wounded.
The worm misses you.
You barely miss the worm. You barely miss the worm.
The worm closely misses you.
You hit the worm but do no damage. The worm bites you!
You hit the worm but do no damage.
You are feeling very hungry.
You hit the worm.
The worm is lightly wounded.
The worm closely misses you.
You hit the worm.
The worm is moderately wounded.
The worm bites you!
You hit the worm but do no damage.
The worm is moderately wounded.
The worm bites you!
You die...

........... #
....###.#..
........#.. ##.#### #
## # #.# .#
##.########### ..#
.....##......#### ...#
##.#.##.#.......##...#
##.#.##.#.##....@w..#
##........##.##.##..#
####.##.####.##... .#
####.##... ..#####.##
.....#######.. #
###### ### # #


You could see a worm.

Vanquished Creatures
  2 adders (D:3)
  A dart slug (D:3)
  3 goblins (D:3)
  A hobgoblin (D:3)
  2 frilled lizards
  A kobold (D:3)
  3 rats
13 creatures vanquished.

Vanquished Creatures (collateral kills)
  An orc wizard (D:3)
  Robin (D:3)
  An adder (D:3)
  An ooze (D:1)
  A dart slug (D:2)
  6 orcs (D:3)
  A ball python (D:1)
  2 giant cockroaches (D:2)
  12 goblins
  8 hobgoblins
  2 jackals (D:1)
  4 frilled lizards
  6 kobolds
  2 rats (D:2)
48 creatures vanquished.

Grand Total: 61 creatures vanquished

Notes
Turn   | Place    | Note
-------+----------+-------------------------------------------
     0 | D:1      | Laiders72 the Deep Elf Summoner began the quest for the Orb.
     0 | D:1      | Reached XP level 1. HP: 10/10 MP: 6/6
   370 | D:1      | Reached XP level 2. HP: 15/15 MP: 8/8
   706 | D:2      | Learned a level 2 spell: Call Imp
  1032 | D:2      | Found a runed door.
  1137 | D:2      | Found an opulent altar of Gozag.
  1137 | D:2      | Noticed Sigmund
  1464 | D:3      | Reached XP level 3. HP: 13/20 MP: 8/10
  1479 | D:3      | Learned a level 3 spell: Call Canine Familiar
  1575 | D:3      | Noticed Robin
  1699 | D:3      | Killed Robin
  2171 | D:3      | Reached skill level 1 in Fighting
  2171 | D:3      | Reached skill level 1 in Shields
  2171 | D:3      | Reached skill level 5 in Summonings
  2171 | D:3      | Reached XP level 4. HP: 10/25 MP: 4/11
  2308 | D:3      | Learned a level 4 spell: Summon Ice Beast
  2452 | D:3      | Slain by a worm

Vault maps used:
D:1:      scummos_arrival_simple_fountains, serial_corexii_hall,
          corexii_hall_statues_s, corexii_hall_statues_u,
          corexii_hall_statues_t, corexii_hall_statues_deadend
D:2:      lemuel_round_altar, first_ration, uniq_crazy_yiuf_cottage,
          uniq_jessica, uniq_sigmund
D:3:      uniq_robin

Skill      XL: |  1  2  3  4 |
---------------+-------------+-----
Fighting       | 1 |  1.0
Shields        | 1 |  1.1
Summonings     | 5 |  5.0
Spellcasting   | 4 |  4.0
Dodging        | |  2.9
Stealth        | |  2.8

Action                   |  1- 3 |  4- 6 || total
-------------------------+-------+-------++-------
Melee: Whip              |    40 |    15 ||    55
       Unarmed           |     7 |       ||     7
 Cast: Summon Small Mamm |    34 |       ||    34
       Call Imp          |     4 |       ||     4
       Call Canine Famil |     4 |       ||     4
  Use: Scroll            |     2 |       ||     2
       Potion            |     1 |       ||     1
 Stab: Distracted        |       |     1 ||     1
       Sleeping          |       |     1 ||     1
  Eat: Chunk             |     4 |       ||     4
Armor: Robe              |    10 |       ||    10
Dodge: Dodged            |    45 |     6 ||    51
Block: Buckler           |    14 |       ||    14

Table legend:
 A = Spawn XP
 B = Non-spawn XP
 C = Spawn XP percentage of total XP
 D = Spawn monster count
 E = Non-spawn monster count
 F = Spawn count percentage of total count
 G = Total turns spent on level
                    A         B        C        D         E        F      G
               +---------+---------+-------+---------+---------+-------+---------
         Total |       0 |     128 |   0.0 |       0 |      61 |   0.0 |  2452
               +---------+---------+-------+---------+---------+-------+---------
           D:1 |       0 |      15 |   0.0 |       0 |      12 |   0.0 |   678
           D:2 |       0 |      16 |   0.0 |       0 |      15 |   0.0 |   495
           D:3 |       0 |      97 |   0.0 |       0 |      34 |   0.0 |  1279
               +---------+---------+-------+---------+---------+-------+---------
